 Seeded DCSS version 0.31-a0-18-gea43df2 (webtiles) character file.

Game seed: 1771658909470239791 (custom seed)

63 malesh the Ducker (level 4, 0/34 HPs)
             Began as a Merfolk Gladiator on May 10, 2023.
             Slain by an orc
             ... wielding a +0 hand axe
              (2 damage)
             ... on level 2 of the Dungeon.
             The game lasted 00:04:15 (1654 turns).

malesh the Ducker (Merfolk Gladiator)               Turns: 1654, Time: 00:04:15

Health: 0/34       AC:  5    Str: 14    XL:     4   Next: 9%
Magic:  4/4        EV: 14    Int:  7    God:
Gold:   61         SH:  0    Dex: 17    Spells: 3/3 levels left

rFire   . . .        g - +0 spear (venom)
rCold   . . .        (no shield)
rNeg    . . .        b - +0 leather armour
rPois   .            c - +1 helmet
rElec   .            (no cloak)
rCorr   .            (no gloves)
SInv    .            (no boots)
Will    .....        (no amulet)
Stlth   +            (no ring)
HPRegen 0.25/turn    (no ring)
MPRegen 0.09/turn

%: no passive effects
@: no status effects
A: (nimble swimmer 2), mertail
a: no special abilities


You were on level 2 of the Dungeon.
You visited 1 branch of the dungeon, and saw 3 of its levels.

You collected 61 gold pieces.

Inventory:

Hand Weapons
 a - a +0 flail
 g - a +0 spear of venom (weapon)
Missiles
 d - 3 throwing nets (quivered)
 e - a javelin
Armour
 b - a +0 leather armour (worn)
 c - a +1 helmet (worn)
Scrolls
 f - a scroll of fear {unknown}
 i - a scroll of blinking {unknown}
 k - a scroll of fog {unknown}
Potions
 h - a potion of lignification {unknown}
 l - 2 potions of curing {unknown}
 m - 2 potions of resistance {unknown}
 o - a potion of mutation {unknown}


   Skills:
 + Level 2.8 Fighting
 - Level 2.7 Maces & Flails
 * Level 2.4 Polearms
 - Level 2.0 Throwing
 + Level 4.9 Dodging


You had 3 spell levels left.
You didn't know any spells.
Your spell library contained the following spells:

 Spells                   Type           Power      Damage    Failure   Level
 Poisonous Vapours        Pois/Air       0%         N/A       65%         2
 Mephitic Cloud           Conj/Pois/Air  0%         N/A       87%         3
 Stone Arrow              Conj/Erth      0%         3d7       87%         3
 Animate Armour           Summ/Erth      0%         N/A       99%         4
 Freezing Cloud           Conj/Ice/Air   0%         6-21      100%        5
 Lehudib's Crystal Spear  Conj/Erth      0%         10d2      100%        8


Dungeon Overview and Level Annotations

Branches:
Dungeon (3/15)

Altars:


Innate Abilities, Weirdness & Mutations

((You are very nimble when in or above water. (Stealth+, EV+, Speed+++)))
Your lower body shifts to a powerful aquatic tail in water.


Message History

There is a stone staircase leading down here.
You climb downwards.
The orc shouts!
The orc priest shouts!
The orc wizard shouts!
The orc shouts!
The orc priest shouts!
Found a scroll labelled IMAFOONAOBUUR.
Found a stone staircase leading down.
There is a stone staircase leading up here.
The orc wizard misses you. The orc barely misses you.
You climb upwards.
There is a stone staircase leading down here.
You hit the orc priest.
The orc priest is lightly wounded.
The orc wizard misses you. The orc priest hits you with a +0 club.
The orc closely misses you.
The orc wizard attacks as you move away!
The orc wizard hits you but does no damage.
The orc misses you.
You hit the orc wizard.
The orc wizard is poisoned.
The orc wizard is moderately wounded.
The orc wizard hits you with a +0 dagger.
The orc closely misses you.
You hit the orc wizard but do no damage.
The orc wizard looks as sick as possible!
The orc wizard is moderately wounded.
The orc wizard hits you with a +0 dagger.
The orc hits you with a +0 hand axe.
You closely miss the orc wizard.
The orc wizard is moderately wounded.
The orc wizard hits you with a +0 dagger.
The orc hits you with a +0 hand axe.
* * * LOW HITPOINT WARNING * * *
You hit the orc wizard.
You kill the orc wizard!
The orc hits you with a +0 hand axe.
* * * LOW HITPOINT WARNING * * *
Your Polearms skill increases to level 2!
You have reached level 4!
You hit the orc priest.
The orc priest is poisoned.
The orc priest is moderately wounded.
The orc priest misses you. The orc hits you with a +0 hand axe.
You die...

######### ##.......# ##.#####.#
##.# #.# ##.# #.# ##'#####.#
......##.# ......##.###########
................@o.#
......###########o.# ......#
###..##### ......# #........#
......# #........# ......#
####........########## ##'######
#..................... #.......#
#..........#########..
#.......####..........#.......#.#


You could see an orc priest (very poisoned) and an orc.

Vanquished Creatures
  An orc wizard (D:2)
  An adder (D:2)
  An endoplasm (D:2)
  6 goblins
  3 jackals (D:2)
  3 quokkas (D:1)
  2 ball pythons (D:1)
  3 bats (D:2)
  A frilled lizard (D:1)
  6 kobolds
  3 rats
30 creatures vanquished.

Notes
Turn   | Place    | Note
-------+----------+-------------------------------------------
     0 | D:1      | malesh the Merfolk Gladiator began the quest for the Orb.
     0 | D:1      | Reached XP level 1. HP: 16/16 MP: 1/1
   189 | D:1      | Reached XP level 2. HP: 22/22 MP: 2/2
   507 | D:1      | Noticed a floating eye
   509 | D:1      | Found a faded altar of an unknown god.
   510 | D:1      | Noticed a floating eye
   510 | D:1      | Noticed a golden eye
   510 | D:1      | Noticed a great orb of eyes
   960 | D:2      | Reached skill level 1 in Polearms
   960 | D:2      | Reached XP level 3. HP: 26/28 MP: 3/3
  1503 | D:2      | You fall into a shaft and drop 1 floor!
  1653 | D:2      | HP: 1/28 [orc/+0 hand axe (5)]
  1654 | D:2      | Reached XP level 4. HP: 1/34 MP: 4/4
  1654 | D:2      | Slain by an orc

Illustrated notes

Levels and vault maps discovered:
D:1:      dpeg_arrival_orchard, layout_basic,
          hellmonk_ecumenical_altar_watching_god
D:2:      layout_basic, serial_bayou_pond_d
D:3:      layout_basic, mainiacjoe_overflow_alcove_1,
          gammafunk_temple_overflow_statue

Skill      XL: |  1  2  3 |
---------------+----------+-----
Polearms       | 1 2 |  2.4
Fighting       | |  2.8
Maces & Flails | |  2.7
Throwing       | |  2.0
Dodging        | |  4.9

Action                     |  1- 3 |  4- 6 || total
---------------------------+-------+-------++-------
  Melee: Flail             |    24 |       ||    24
         Spear             |    54 |     1 ||    55
    Use: Scroll            |     4 |       ||     4
   Stab: Sleeping          |     1 |       ||     1
 Armour: Leather armour    |    20 |       ||    20
  Dodge: Dodged            |    47 |     1 ||    48

Table legend: (Time is in decaauts)
 A = Elapsed time spent in this place.
 B = Non-inter-level travel time spent in this place.
 C = Inter-level travel time spent in this place.
 D = Time resting spent in this place.
 E = Time spent auto-exploring this place.
 F = Levels seen in this place.
 G = Mean time per level.
                   A        B        C        D        E       F      G
               +--------+--------+--------+--------+--------+-----+--------+
         Total |   1662 |   1528 |    134 |      0 |   1298 |   3 |  554.0 |
       Dungeon |   1662 |   1528 |    134 |      0 |   1298 |   3 |  554.0 |
               +--------+--------+--------+--------+--------+-----+--------+

Top non-repeatable levels by time:
     D:1: 904 daAuts
     D:2: 744 daAuts
     D:3: 13 daAuts
